 Dungeon Crawl Stone Soup version 0.30-a0-458-g86641cc369 (webtiles) character file.

Game seed: 16846786441278311705

97 NinjaNoafa the Firebug (level 4, -1/24 HPs)
             Began as a Tengu Wanderer on Dec 14, 2022.
             Was an Initiate of Vehumet.
             Killed from afar by an orc wizard (8 damage)
             ... with a puff of flame
             ... on level 5 of the Dungeon.
             The game lasted 00:06:38 (2717 turns).

NinjaNoafa the Firebug (Tengu Wanderer)             Turns: 2717, Time: 00:06:39

Health: -1/24      AC:  2    Str: 10    XL:     4   Next: 68%
Magic:  7/8        EV: 12    Int: 12    God:    Vehumet [......]
Gold:   100        SH:  0    Dex: 18    Spells: 4/7 levels left

rFire   . . .      SeeInvis .    a - +0 quarterstaff
rCold   . . .      Faith    .    (shield currently unavailable)
rNeg    . . .      Spirit   .    d - +0 robe
rPois   .          Reflect  .    (helmet restricted)
rElec   .          Harm     .    (no cloak)
rCorr   .          Rampage  .    (no gloves)
Will    .....                    (boots unavailable)
Stlth   ++........               (no amulet)
HPRegen 0.24/turn                g - ring of wizardry
MPRegen 0.11/turn                (no ring)

@: flying
A: beak, talons 3
a: Renounce Religion


You were on level 5 of the Dungeon.
You worshipped Vehumet.
Vehumet was noncommittal.
You visited 1 branch of the dungeon, and saw 4 of its levels.

You collected 100 gold pieces.

Inventory:

Hand Weapons
 a - a +0 quarterstaff (weapon)
Missiles
 f - 32 stones
Armour
 d - a +0 robe (worn)
Jewellery
 g - a ring of wizardry (left hand)
 m - a ring of ice
Wands
 b - a wand of flame (4)
Scrolls
 i - 2 scrolls of teleportation
 j - a scroll of vulnerability {unknown}
 l - a scroll of amnesia {unknown}
 n - a scroll of fog {unknown}
 p - a scroll of noise {unknown}
Potions
 h - a potion of flight
 o - a potion of curing
 q - a potion of heal wounds {unknown}


   Skills:
 - Level 0.4 Fighting
 - Level 2.1 Staves
 - Level 1.1 Armour
 - Level 1.3 Dodging
 + Level 2.3 Spellcasting
 + Level 2.7 Conjurations
 + Level 3.3 Fire Magic
 - Level 1.0 Invocations
 - Level 2.0 Evocations


You had 4 spell levels left.
You knew the following spells:

 Your Spells              Type           Power      Damage    Failure   Level
a - Foxfire               Conj/Fire      32%        2x1d5     3%          1
b - Scorch                Fire           18%        2d6       4%          2

Your spell library contained the following spells:

 Spells                   Type           Power      Damage    Failure   Level
 Inner Flame              Hex/Fire       5%         N/A       16%         3
 Stone Arrow              Conj/Erth      8%         3d7       17%         3
 Flame Wave               Conj/Fire      8%         2d5       28%         4
 Animate Armour           Summ/Erth      2%         N/A       69%         4
 Summon Cactus Giant      Summ           0%         N/A       100%        6
 Lehudib's Crystal Spear  Conj/Erth      2%         10d2      100%        8


Dungeon Overview and Level Annotations

Branches:
Dungeon (3/15)

Altars:
Vehumet


Innate Abilities, Weirdness & Mutations

You have a beak for a mouth.
You have claws for feet.


Message History

The orc attacks as you move away! The orc hits you with a +0 club.
The orc attacks as you move away! The orc closely misses you.
The adder bites you.
* * * LOW HITPOINT WARNING * * *
Okay, then.
As you read the scroll of fear, it crumbles to dust.
You assume a fearsome visage.
The orc looks frightened! x5
The ogre looks frightened!
The adder looks frightened!
It was a potion of ambrosia.
You are confused.
You feel invigorated.
The orc shouts!
The ogre looks desperately for an escape route.
The orc throws a boomerang.
The boomerang barely misses you.
The orc wizard gestures at you while chanting.
You resist with some effort.
The adder hisses angrily.
The ogre supplicates abjectly, "Please don't kill me!"
The orc throws a boomerang.
The boomerang closely misses you.
You feel less invigorated.
You feel less confused. The orc wizard casts a spell at you.
The magic dart hits you.
Casting: Foxfire (safe; 3% risk of failure)
Confirm with . or Enter, or press ? or * to list all spells.
You conjure some foxfire!
The adder bites you. The orc wizard casts a spell at you.
The puff of flame hits you!
Ouch! That really hurt!
* * * LOW HITPOINT WARNING * * *
Casting: Foxfire (safe; 3% risk of failure)
Confirm with . or Enter, or press ? or * to list all spells.
You conjure some foxfire!
The foxfire hits the adder.
The adder is lightly wounded.
The foxfire hits the adder.
The adder is heavily wounded.
The adder bites you but does no damage. The orc wizard casts a spell at you.
The puff of flame hits you!
You die...

## #.......#....#
#.S#...........###.#
....#................
#..#.................
.#.....>.<.............
.......#..#............
...#####.##.........>..
....#........oS........
.............v@........
.###..........v.#...##
##........#..# ....
...##......oo#.... ...
#............#.....
####.......#####.....
##......##[# #....#..#
###..#....#######....
#..###............ .


You could see an orc wizard, an adder (ally target) and 2 orcs.

Vanquished Creatures
  4 adders
  2 worms (D:2)
  A dart slug (D:2)
  2 orcs
  5 ball pythons
  4 endoplasms
  A giant cockroach (D:1)
  6 goblins
  6 hobgoblins
  A quokka (D:2)
  5 bats
  2 frilled lizards (D:3)
  5 kobolds (D:1)
  3 rats
47 creatures vanquished.

Vanquished Creatures (others)
  164 foxfires
164 creatures vanquished.

Grand Total: 211 creatures vanquished

Notes
Turn   | Place    | Note
-------+----------+-------------------------------------------
     0 | D:1      | NinjaNoafa the Tengu Wanderer began the quest for the Orb.
     0 | D:1      | NinjaNoafa set off with the following items: a +0
                  | quarterstaff, a wand of flame (4), a scroll of fear, a +0
                  | robe; and the following spell memorised: Foxfire; and the
                  | following spells available to memorise: Inner Flame, Flame
                  | Wave.
     0 | D:1      | Reached XP level 1. HP: 10/10 MP: 3/3
   150 | D:1      | Reached XP level 2. HP: 16/16 MP: 0/4
   308 | D:1      | Reached skill level 1 in Conjurations
   741 | D:1      | Reached XP level 3. HP: 20/20 MP: 0/6
  1090 | D:2      | Learned a level 2 spell: Scorch
  1363 | D:2      | Reached skill level 3 in Fire Magic
  1692 | D:2      | Reached XP level 4. HP: 19/24 MP: 0/8
  2658 | D:3      | You fall into a shaft and drop 2 floors!
  2658 | D:5      | Entered Level 5 of the Dungeon
  2658 | D:5      | Found a radiant altar of Vehumet.
  2662 | D:5      | Noticed an ogre
  2665 | D:5      | Became a worshipper of Vehumet
  2717 | D:5      | Killed from afar by an orc wizard

Illustrated notes

Levels and vault maps discovered:
D:1:      saegor_arrival_simple_c, layout_basic
D:2:      layout_loops_ring, minmay_tiny_reverse_x
D:3:      cheibrodos_greedy_goblins, layout_basic, nzn_hepliaklqana_mist_gate,
          ebering_ecumenical_altar_ruins, uniq_natasha
D:5:      layout_cave_pools, nicolae_vehumet_radiance, nicolae_wormholes

Skill      XL: |  1  2  3 |
---------------+----------+-----
Conjurations   | 1 2 |  2.7
Fire Magic     | 3 |  3.3
Spellcasting   | 2 |  2.3
Fighting       | |  0.4
Staves         | |  2.1
Armour         | |  1.1
Dodging        | |  1.3
Invocations    | |  1.0
Evocations     | |  2.0

Action                   |  1- 3 |  4- 6 || total
-------------------------+-------+-------++-------
Melee: Quarterstaff      |    10 |       ||    10
       Peck              |     1 |       ||     1
       Kick              |     1 |       ||     1
 Cast: Foxfire           |    61 |    48 ||   109
       Scorch            |    11 |     3 ||    14
  Use: Scroll            |       |     4 ||     4
       Potion            |       |     2 ||     2
Armor: Robe              |    12 |     1 ||    13
Dodge: Dodged            |    25 |    11 ||    36

Table legend: (Time is in decaauts)
 A = Elapsed time spent in this place.
 B = Non-inter-level travel time spent in this place.
 C = Inter-level travel time spent in this place.
 D = Time resting spent in this place.
 E = Time spent auto-exploring this place.
 F = Levels seen in this place.
 G = Mean time per level.
                   A        B        C        D        E       F      G
               +--------+--------+--------+--------+--------+-----+--------+
         Total |   2717 |   2688 |     29 |      0 |   2294 |   4 |  679.2 |
       Dungeon |   2717 |   2688 |     29 |      0 |   2294 |   4 |  679.2 |
               +--------+--------+--------+--------+--------+-----+--------+

Top non-repeatable levels by time:
     D:2: 1139 daAuts
     D:1: 1085 daAuts
     D:3: 433 daAuts
     D:5: 58 daAuts
